[Event "Faroes Open 2018"]
[Site "Sandavagur"]
[Date "2018.07.07"]
[Round "1"]
[White "Vavulin, Maksim"]
[Black "Hruby, Milan"]
[Result "1-0"]
[ECO "C77"]
[WhiteElo "2552"]
[BlackElo "2031"]
[Annotator "ChessBase"]
[PlyCount "61"]
[EventDate "2018.07.07"]
[EventType "swiss"]
[EventCountry "FAI"]
[SourceTitle "playchess.com"]
[Source "ChessBase"]
[SourceQuality "1"]
[TimeControl "40/5400+30:900+30"]

1. e4 e5 2. Nf3 Nc6 3. Bb5 a6 4. Ba4 Nf6 5. d3 d6 6. c3 g6 7. O-O Bg7 8. Nbd2 O-O 9. Re1 b5 10. Bc2 d5 11. h3 dxe4 12. dxe4 h6 13. a4 Be6 14. Qe2 b4 15. Bb3 Qe7 16. Bc4 Bxc4 17. Qxc4 Na5 18. Qxb4 Qxb4 19. cxb4 Nc6 20. Nc4 Nxb4 21. Re2 Nd7 22. Be3 Rfe8 23. Rd1 Nf8 24. Na5 Ne6 25. Rc1 Nd4 26. Rd2 c6 27. Rc4 Rab8 28. Nxd4 exd4 29. Bf4 Be5 30. Bxe5 Rxe5 31. Rxb4 1-0

[Event "Faroes Open 2018"]
[Site "Sandavagur"]
[Date "2018.07.07"]
[Round "1"]
[White "Nielsen"]
[Black "Djurhuus, Arant"]
[Result "1-0"]
[ECO "C42"]
[WhiteElo "2397"]
[BlackElo "1703"]
[Annotator "ChessBase"]
[PlyCount "61"]
[EventDate "2018.07.07"]
[EventType "swiss"]
[EventCountry "FAI"]
[SourceTitle "playchess.com"]
[Source "ChessBase"]
[SourceQuality "1"]
[TimeControl "40/5400+30:900+30"]

1. e4 e5 2. Nf3 Nf6 3. Nxe5 d6 4. Nf3 Nxe4 5. Nc3 Nxc3 6. dxc3 d5 7. Be3 Bg4 8. Qd2 Be7 9. h3 Bf5 10. O-O-O c6 11. Nd4 Bg6 12. h4 h5 13. g3 Nd7 14. Be2 Nf6 15. f3 Qd7 16. Bf4 O-O-O 17. Bf1 Ne8 18. Bh3 f5 19. Rhe1 Nc7 20. Bxc7 Qxc7 21. Ne6 Qxg3 22. Nxd8 Qxh4 23. Ne6 Bd6 24. Qg5 Qxh3 25. Qxg6 Qxf3 26. Qxg7 Re8 27. Nc5 Re7 28. Qf8+ Kc7 29. Rxe7+ Kb6 30. Rxb7+ Kxc5 31. b4+ 1-0

[Event "Faroes Open 2018"]
[Site "Sandavagur"]
[Date "2018.07.07"]
[Round "1"]
[White "Kristiansen, Jens"]
[Black "Gregersen, Einar"]
[Result "0-1"]
[ECO "A48"]
[WhiteElo "2380"]
[BlackElo "1665"]
[Annotator "ChessBase"]
[PlyCount "70"]
[EventDate "2018.07.07"]
[EventType "swiss"]
[EventCountry "FAI"]
[SourceTitle "playchess.com"]
[Source "ChessBase"]
[SourceQuality "1"]
[TimeControl "40/5400+30:900+30"]

1. d4 Nf6 2. Nf3 g6 3. Bg5 Bg7 4. Nbd2 O-O 5. e4 d6 6. c3 c5 7. dxc5 dxc5 8. Bc4 Nc6 9. O-O h6 10. Be3 b6 11. h3 Qc7 12. Re1 Bb7 13. Qc2 g5 14. g3 Ne5 15. Be2 Rad8 16. Rad1 Rd7 17. Nh2 Rfd8 18. Ng4 Nd3 19. Nxf6+ Bxf6 20. Rf1 Qe5 21. f4 Qc7 22. Bg4 e6 23. Rf3 gxf4 24. gxf4 Bh4 25. Qb1 f5 26. exf5 exf5 27. Bxf5 Rg7+ 28. Kh2 Bxf3 29. Nxf3 Nxf4 30. Rxd8+ Bxd8 31. Kh1 Ne2 32. Be6+ Kh8 33. Bxh6 Rg1+ 34. Nxg1 Qc6+ 35. Kh2 Bc7+ 0-1

[Event "Faroes Open 2018"]
[Site "Sandavagur"]
[Date "2018.07.07"]
[Round "1"]
[White "Nielsen, Rogvi Egilstoft"]
[Black "Petersen, Gutti"]
[Result "1-0"]
[ECO "B22"]
[WhiteElo "2337"]
[BlackElo "1596"]
[Annotator "NA"]
[PlyCount "65"]
[EventDate "2018.07.07"]
[EventType "swiss"]
[EventCountry "FAI"]
[SourceTitle "playchess.com"]
[Source "ChessBase"]
[SourceQuality "1"]
[TimeControl "40/5400+30:900+30"]

1. e4 c5 2. c3 Nf6 3. e5 Nd5 4. d4 cxd4 5. cxd4 e6 6. Nf3 a6 7. Bd3 Be7 8. O-O d6 9. Nc3 dxe5 10. Nxd5 Qxd5 11. dxe5 Nc6 12. Qe2 Qd8 13. Rd1 Qc7 14. Bf4 Bd7 15. Rac1 Rd8 16. h4 Bc8 17. h5 Qa5 18. a3 Qa4 19. Rc4 Qa5 20. Bc1 Qc7 21. Rg4 Kf8 22. Re1 b5 23. Ng5 Bxg5 24. Bxg5 Rd5 25. h6 g6 26. Bf6 Rg8 27. Rc1 Bb7 28. Be4 Qd7 29. Bxd5 Qxd5 30. Qd1 Ne7 31. Qxd5 Nxd5 32. Rd4 Ke8 33. Rc7 1-0

[Event "Faroes Open 2018"]
[Site "Sandavagur"]
[Date "2018.07.07"]
[Round "1"]
[White "Nilssen, John Arni"]
[Black "Fjallheim, Leif Reinert"]
[Result "1-0"]
[ECO "A50"]
[WhiteElo "2301"]
[BlackElo "1886"]
[Annotator "ChessBase"]
[PlyCount "65"]
[EventDate "2018.07.07"]
[EventType "swiss"]
[EventCountry "FAI"]
[SourceTitle "playchess.com"]
[Source "ChessBase"]
[SourceQuality "1"]
[TimeControl "40/5400+30:900+30"]

1. d4 Nf6 2. c4 g6 3. f3 Bg7 4. e4 d6 5. Ne2 O-O 6. Bg5 h6 7. Be3 e5 8. d5 a5 9. Qd2 Kh7 10. Ng3 Nbd7 11. Bd3 Nc5 12. Bc2 Nfd7 13. O-O Re8 14. Nc3 Bf8 15. b3 Nb6 16. f4 Nbd7 17. f5 g5 18. Qe2 Be7 19. Rab1 f6 20. h4 Rf8 21. Kf2 Rh8 22. Rh1 Kg7 23. Rh2 Qg8 24. Rbh1 Qf7 25. Ke1 b6 26. Nb5 Bd8 27. Bb1 Ba6 28. hxg5 fxg5 29. f6+ Bxf6 30. Nxc7 Rac8 31. Nf5+ Kf8 32. Nxa6 Nxa6 33. Nxd6 1-0

[Event "Faroes Open 2018"]
[Site "Sandavagur"]
[Date "2018.07.07"]
[Round "1"]
[White "Simonsen, Hans Kristian"]
[Black "Jacobsen, Markus"]
[Result "1-0"]
[ECO "D01"]
[WhiteElo "2150"]
[BlackElo "1106"]
[Annotator "NA"]
[PlyCount "39"]
[EventDate "2018.07.07"]
[EventType "swiss"]
[EventCountry "FAI"]
[SourceTitle "playchess.com"]
[Source "ChessBase"]
[SourceQuality "1"]
[TimeControl "40/5400+30:900+30"]

1. d4 d5 2. Nc3 Nf6 3. Bg5 Bf5 4. e3 Nc6 5. Bd3 Bxd3 6. cxd3 e5 7. dxe5 Nxe5 8. Nf3 Ng6 9. Bxf6 gxf6 10. Qb3 Ne7 11. Qxb7 a5 12. Qb5+ Qd7 13. O-O c6 14. Qa4 Rg8 15. g3 Qh3 16. Nxd5 Qe6 17. Nc7+ Kd7 18. Nxe6 fxe6 19. Rac1 Ra6 20. Nd4 1-0

[Event "Faroes Open 2018"]
[Site "Sandavagur"]
[Date "2018.07.07"]
[Round "1"]
[White "Spiesberger, Gerhard"]
[Black "Ziska, Helgi Dam"]
[Result "0-1"]
[ECO "B25"]
[WhiteElo "2043"]
[BlackElo "2552"]
[Annotator "ChessBase"]
[PlyCount "94"]
[EventDate "2018.07.07"]
[EventType "swiss"]
[EventCountry "FAI"]
[SourceTitle "playchess.com"]
[Source "ChessBase"]
[SourceQuality "1"]
[TimeControl "40/5400+30:900+30"]

1. e4 c5 2. Nc3 Nc6 3. g3 g6 4. Bg2 Bg7 5. d3 d6 6. Nge2 e6 7. O-O Nge7 8. Be3 Nd4 9. Qd2 Nec6 10. Nd1 h5 11. c3 Nxe2+ 12. Qxe2 h4 13. f4 hxg3 14. hxg3 e5 15. f5 gxf5 16. exf5 Bf6 17. Nf2 Rg8 18. Ne4 d5 19. Nxf6+ Qxf6 20. g4 Qh4 21. Bf2 Qxg4 22. Qxg4 Rxg4 23. Bxc5 b6 24. Be3 Ba6 25. Kf2 Rxg2+ 26. Kxg2 Bxd3 27. Rf2 O-O-O 28. f6 Rg8+ 29. Kh2 Na5 30. Rg1 Rh8+ 31. Kg3 Nc4 32. Bc1 Nd6 33. Re1 Ne4+ 34. Rxe4 Bxe4 35. c4 Kd7 36. cxd5 Bxd5 37. a3 Rh1 38. Bd2 Ke6 39. Bc3 Rh6 40. Re2 Rh5 41. Kg4 Rf5 42. Re1 Bf3+ 43. Kg3 Bh5 44. Re3 Kxf6 45. Rxe5 Rf3+ 46. Kh4 Rxc3 47. Rxh5 Rb3 0-1

[Event "Faroes Open 2018"]
[Site "Sandavagur"]
[Date "2018.07.07"]
[Round "1"]
[White "Fjallheim, Leif Reinert"]
[Black "Greenfeld, Alon"]
[Result "0-1"]
[ECO "B23"]
[WhiteElo "1886"]
[BlackElo "2496"]
[Annotator "RC"]
[PlyCount "56"]
[EventDate "2018.07.07"]
[EventType "swiss"]
[EventCountry "FAI"]
[SourceTitle "playchess.com"]
[Source "ChessBase"]
[SourceQuality "1"]
[TimeControl "40/5400+30:900+30"]

1. e4 c5 2. Nc3 a6 3. a4 e6 4. f4 d5 5. d3 Nc6 6. Nf3 Nf6 7. Be2 b6 8. O-O Bb7 9. h3 Be7 10. Qe1 O-O 11. Bd1 Qc7 12. g4 Rad8 13. g5 Ne8 14. e5 Kh8 15. Qh4 f6 16. exf6 gxf6 17. g6 Bd6 18. Kf2 Rg8 19. Rg1 f5 20. Bd2 Qe7 21. Rg5 Rxg6 22. Rxg6 Qxh4+ 23. Nxh4 hxg6 24. Nxg6+ Kg7 25. Nh4 Nf6 26. Bf3 Rh8 27. Kg3 Nd4 28. Rc1 Rxh4 0-1

[Event "Faroes Open 2018"]
[Site "Sandavagur"]
[Date "2018.07.07"]
[Round "1"]
[White "Nielsen, Jon I Horni"]
[Black "Nakar, Eylon"]
[Result "0-1"]
[ECO "B90"]
[WhiteElo "1735"]
[BlackElo "2462"]
[Annotator "ChessBase"]
[PlyCount "86"]
[EventDate "2018.07.07"]
[EventType "swiss"]
[EventCountry "FAI"]
[SourceTitle "playchess.com"]
[Source "ChessBase"]
[SourceQuality "1"]
[TimeControl "40/5400+30:900+30"]

1. e4 c5 2. Nf3 d6 3. d4 cxd4 4. Nxd4 Nf6 5. Nc3 a6 6. Be3 e5 7. Nb3 Be6 8. f3 Nbd7 9. Qd2 h5 10. h4 Rc8 11. O-O-O b5 12. Kb1 Be7 13. Nd5 Bxd5 14. exd5 Nb6 15. Bxb6 Qxb6 16. Bd3 g6 17. Be4 Kf8 18. Na5 Kg7 19. Nc6 Rxc6 20. dxc6 d5 21. Bd3 Bc5 22. Qg5 Re8 23. Rde1 e4 24. fxe4 dxe4 25. Rhf1 Qxc6 26. Be2 Be7 27. Rd1 Rc8 28. c3 Qe6 29. Qe3 Rc5 30. g3 Re5 31. Qd4 e3 32. Qa7 Ne4 33. Qxe3 Nf6 34. Qd4 Rxe2 35. Qd3 Re3 36. Qd4 Re4 37. Qf2 Ng4 38. Qf3 Nh2 39. Qd3 Nxf1 40. Rxf1 Re3 41. Qd4+ Bf6 42. Qf4 Qe4+ 43. Qxe4 Rxe4 0-1

[Event "Faroes Open 2018"]
[Site "Sandavagur"]
[Date "2018.07.07"]
[Round "1"]
[White "Joensen, Hans Petur"]
[Black "Haubro, Martin"]
[Result "0-1"]
[ECO "A20"]
[WhiteElo "1627"]
[BlackElo "2373"]
[Annotator "ChessBase"]
[PlyCount "84"]
[EventDate "2018.07.07"]
[EventType "swiss"]
[EventCountry "FAI"]
[SourceTitle "playchess.com"]
[Source "ChessBase"]
[SourceQuality "1"]
[TimeControl "40/5400+30:900+30"]

1. c4 e5 2. b3 Nc6 3. Bb2 Nf6 4. g3 d5 5. cxd5 Qxd5 6. Nf3 e4 7. Nc3 Qe6 8. Nb5 Qd7 9. Ng5 a6 10. Nc3 Qf5 11. h4 Bc5 12. e3 h6 13. Nh3 Ne5 14. Be2 Bd7 15. Nf4 Bc6 16. Qc2 O-O-O 17. O-O-O Nd3+ 18. Kb1 Nxf2 19. Rhf1 Nxd1 20. Nxd1 Bb4 21. Nc3 Qc5 22. g4 g5 23. d4 Qd6 24. hxg5 hxg5 25. Nh5 Nxh5 26. gxh5 Bxc3 27. Bxc3 Bd5 28. Bg4+ Kb8 29. Qg2 Rh6 30. Be1 Rf8 31. Bg3 Qb6 32. Be5 a5 33. Bg7 Rg8 34. Bxh6 a4 35. Rf5 Bc4 36. Rxg5 Bd3+ 37. Kb2 Rxg5 38. Bxg5 Qb4 39. Bh4 a3+ 40. Kc1 Qc3+ 41. Kd1 Qa1+ 42. Kd2 Qxa2+ 0-1

[Event "Faroes Open 2018"]
[Site "Sandavagur"]
[Date "2018.07.07"]
[Round "1"]
[White "Petersen, Elias"]
[Black "Nielsen, Torkil"]
[Result "0-1"]
[ECO "C50"]
[WhiteElo "1035"]
[BlackElo "2115"]
[Annotator "NA"]
[PlyCount "44"]
[EventDate "2018.07.07"]
[EventType "swiss"]
[EventCountry "FAI"]
[SourceTitle "playchess.com"]
[Source "ChessBase"]
[SourceQuality "1"]
[TimeControl "40/5400+30:900+30"]

1. e4 e5 2. Nf3 Nc6 3. Bc4 Nf6 4. d3 Bc5 5. O-O d6 6. a3 Bg4 7. h3 Bh5 8. Nbd2 Qd7 9. b4 Bb6 10. Bb2 Ne7 11. c3 g5 12. Qc2 g4 13. hxg4 Qxg4 14. Nh2 Qf4 15. Bc1 Rg8 16. Ndf3 Qg3 17. Ng5 Rxg5 18. Bxg5 Qxg5 19. Kh1 O-O-O 20. Bb3 Qh4 21. c4 Ng4 22. g3 Qxh2# 0-1